 Dungeon Crawl Stone Soup version 0.19.0-18-g426998a (webtiles) character file.

3948 Azzok the Fighter (level 10, -12/99 HPs)
             Began as a Minotaur Fighter on Nov 11, 2016.
             Was a Believer of the Shining One.
             Killed from afar by Erica (17 damage)
             ... with a bolt of poison
             ... on level 9 of the Dungeon.
             The game lasted 00:24:55 (7648 turns).

Azzok the Fighter (Minotaur Fighter)                Turns: 7648, Time: 00:24:56

Health: -12/99     AC: 11    Str: 29    XL:     10   Next: 2%
Magic:  9/9        EV:  5    Int:  5    God:    the Shining One [**....]
Gold:   280        SH: 10    Dex: 10    Spells: 0 memorised, 9 levels left

rFire  . . .     SeeInvis .     m - +4 whip
rCold  . . .     Gourm    .     v - +1 plate armour
rNeg   + . .     Faith    .     c - +0 shield
rPois  .         Spirit   .     (helmet restricted)
rElec  .         Reflect  .     (no cloak)
rCorr  .         Harm     .     F - +0 pair of gloves
MR     .....                    (no boots)
Stlth  ..........               (no amulet)
                                n - -2 ring of protection (curse)
                                (no ring)

@: mighty, lethally poisoned (-12 -> -20), slowed, glowing, very slow
A: retaliatory headbutt, horns 2
a: Divine Shield, Renounce Religion


You were on level 9 of the Dungeon.
You worshipped the Shining One.
The Shining One was pleased with you.
You were not hungry.

You visited 2 branches of the dungeon, and saw 10 of its levels.

You collected 376 gold pieces.
You spent 96 gold pieces at shops.

Inventory:

Hand Weapons
 a - a +1 long sword
 m - a +4 whip (weapon)
 s - a +2 whip of flaming
Missiles
 e - 291 stones
 p - 12 javelins (quivered)
 x - 3 tomahawks
Armour
 c - a +0 shield (worn)
 v - a +1 plate armour (worn)
 F - a +0 pair of gloves (worn)
Jewellery
 n - a cursed -2 ring of protection (right hand)
 B - an uncursed amulet of faith {unknown}
Wands
 d - a wand of iceblast (6/15)
 I - a wand of iceblast (4/15)
 K - a wand of lightning (8/15)
Scrolls
 k - 2 scrolls of enchant armour
 o - 2 scrolls of immolation
 r - a scroll of magic mapping
 w - 3 scrolls of remove curse
 y - 3 scrolls of enchant weapon
 A - 5 scrolls of teleportation
 C - 6 scrolls of identify
 D - a scroll of amnesia
 E - 2 scrolls of fog
 G - a scroll of fear
 H - a scroll of blinking {unknown}
 L - a scroll of vulnerability {unknown}
Potions
 i - 2 potions of brilliance
 j - 3 potions of agility
 l - 9 potions of curing
 t - 2 potions of haste
 u - 4 potions of lignification
Books
 q - a book of Changes

   Spells                             Type                      Level
   a - Beastly Appendage              Transmutation                1
   b - Sticks to Snakes               Transmutation                2
   c - Spider Form                    Transmutation/Poison         3
   d - Ice Form                       Ice/Transmutation            4
   e - Blade Hands                    Transmutation                5
Comestibles
 b - 5 meat rations
 f - 4 bread rations
 g - 2 beef jerkies
 h - a royal jelly
 z - 3 slices of pizza
 M - 7 chunks of flesh


   Skills:
 + Level 12.4 Fighting
 - Level 4.8 Long Blades
 + Level 11.2 Maces & Flails
 - Level 3.6 Armour
 - Level 3.6 Shields


You had 9 spell levels left.
You didn't know any spells.

Dungeon Overview and Level Annotations

Branches:
Dungeon (9/15)             Temple (1/1) D:4
   Lair: D:8-11         Orc: D:9-12

Altars:
Ashenzari
Cheibriados
Dithmenos
Elyvilon
Fedhas
Gozag
Hepliaklqana
Kikubaaqudgha
Makhleb
Nemelex Xobeh
Okawaru
Qazlal
Ru
Sif Muna
Trog
Uskayaw
Vehumet
Xom
Yredelemnul
Zin
The Shining One

Shops:
D:6 ?   D:7 (}

Annotations:
D:9 Erica; PeterLawrence's ghost, novice MiFi


Innate Abilities, Weirdness & Mutations

You reflexively headbutt those who attack you in melee.
You have a pair of horns on your head.


Message History

Erica gestures at you while chanting.
The bolt of poison hits PeterLawrence's ghost.
PeterLawrence's ghost completely resists.
The bolt of poison hits you!
You are more poisoned.
* * * LOW HITPOINT WARNING * * *
You feel better. PeterLawrence's ghost hits you!
* * * LOW HITPOINT WARNING * * *
x2 You whack PeterLawrence's ghost!
You headbutt PeterLawrence's ghost.
PeterLawrence's ghost is heavily damaged.
You block PeterLawrence's ghost's attack.
You hit PeterLawrence's ghost. You headbutt PeterLawrence's ghost.
PeterLawrence's ghost is heavily damaged.
PeterLawrence's ghost hits you but does no damage.
Erica points at you and mumbles some strange words.
The bolt of poison hits PeterLawrence's ghost.
PeterLawrence's ghost completely resists.
The bolt of poison hits you!
You are lethally poisoned!
You die...

····▒▒▒▒·▒▒▒▒▒▒▒▒▒▒▒▒▒▒
··)··················['
··▒·▒▒▒▒·▒··········▒▒▒ ▒
▒· ▒···▒·▒▒▒▒▒▒▒··▒▒▒ ▒·▒·
▒·▒▒▒·▒▒·▒ ▒····· ▒·▒·
▒·▒▒▒·▒▒·▒ ▒····· ···
▒········▒ ▒·····
▒·▒▒▒▒▒▒·▒▒·▒▒▒▒·····
▒·@W@····▒···········
▒·l▒▒▒▒▒▒▒▒▒▒▒▒···▒▒▒
··········▒ ▒·············
··········▒▒▒·▒▒▒▒▒·······
······y@··▒▒····(·▒·······
··········▒▒··▒···········
·······y··▒▒·····[▒·▒·▒···
····y·····▒▒······╬·▒·▒···
··········▒▒······▒▒▒·▒···


You could see Erica (invisible), an iguana and PeterLawrence's ghost.

Vanquished Creatures
  Pikel (D:3)
  A troll (D:7)
  2 hippogriffs
  A water moccasin (D:9)
  An ice beast (D:6)
  2 phantoms
  3 orc warriors
  A black bear (D:6)
  3 centaurs
  An ogre (D:7)
  A big kobold (D:8)
  4 bullfrogs
  4 scorpions
  2 killer bees (D:9)
  2 howler monkeys
  A crimson imp (D:7)
  2 hounds
  A bullfrog skeleton (D:4)
  2 orc priests (D:6)
  8 orc wizards
  Ijyb (D:3)
  7 iguanas
  6 worker ants
  A killer bee zombie (D:5)
  3 hound skeletons
  Robin (D:3)
  A howler monkey zombie (D:7)
  9 adders
  6 gnolls
  3 howler monkey skeletons
  2 shadow imps (D:5)
  An adder skeleton (D:5)
  2 worms (D:2)
  4 dart slugs
  6 leopard geckos
  27 orcs
  5 giant cockroaches
  14 goblins
  14 hobgoblins
  3 jackals (D:8)
  11 kobolds
  3 quokkas
  A ball python (D:2)
  9 bats
  14 frilled lizards
  2 quokka skeletons
  13 rats
212 creatures vanquished.

Vanquished Creatures (others)
  An adder skeleton (D:4)
1 creature vanquished.

Grand Total: 213 creatures vanquished

Notes
Turn   | Place    | Note
-------+----------+-------------------------------------------
     0 | D:1      | Azzok the Minotaur Fighter began the quest for the Orb.
     0 | D:1      | Reached XP level 1. HP: 19/19 MP: 0/0
    94 | D:1      | Reached XP level 2. HP: 27/27 MP: 1/1
   144 | D:1      | Reached skill level 4 in Fighting
   541 | D:1      | Reached XP level 3. HP: 33/34 MP: 2/2
   996 | D:2      | Reached XP level 4. HP: 24/41 MP: 3/3
  1326 | D:2      | Reached skill level 5 in Fighting
  1480 | D:3      | Noticed Robin
  1695 | D:3      | Killed Robin
  1821 | D:3      | Noticed a moth of wrath
  1824 | D:3      | Found a bloodstained altar of Trog.
  1895 | D:3      | Reached XP level 5. HP: 48/48 MP: 4/4
  1918 | D:3      | Reached skill level 1 in Maces & Flails
  2194 | D:3      | Noticed Ijyb
  2213 | D:3      | Killed Ijyb
  2213 | D:3      | Reached skill level 6 in Fighting
  2297 | D:4      | Noticed a phantom
  2300 | D:4      | Reached XP level 6. HP: 53/57 MP: 5/5
  2314 | D:4      | Noticed Pikel
  2319 | D:4      | Noticed a slave
  2320 | D:4      | Noticed a slave
  2320 | D:4      | Noticed a slave
  2321 | D:4      | Noticed a slave
  2339 | D:3      | Killed Pikel
  2339 | D:3      | Reached skill level 7 in Fighting
  2339 | D:3      | Reached skill level 5 in Maces & Flails
  2339 | D:3      | Reached XP level 7. HP: 40/67 MP: 6/6
  2382 | D:4      | Reached skill level 8 in Fighting
  2402 | D:4      | Found a staircase to the Ecumenical Temple.
  2430 | Temple   | Entered the Ecumenical Temple
  2892 | Temple   | Became a worshipper of the Shining One
  2974 | D:4      | Found an iron altar of Okawaru.
  3279 | D:4      | Reached XP level 8. HP: 73/75 MP: 7/7
  3584 | D:5      | Entered Level 5 of the Dungeon
  3931 | D:5      | Reached skill level 9 in Fighting
  3994 | D:5      | Found an opulent altar of Gozag.
  4481 | D:6      | Found a stormy altar of Qazlal.
  4599 | D:6      | Reached * piety under the Shining One
  4611 | D:6      | Found Fekhlycon's Magic Scroll Shop.
  4676 | D:6      | Reached skill level 10 in Fighting
  4946 | D:6      | Bought a scroll of identify for 24 gold pieces
  4946 | D:6      | Bought a scroll of identify for 24 gold pieces
  4946 | D:6      | Bought a scroll of identify for 24 gold pieces
  4946 | D:6      | Bought a scroll of identify for 24 gold pieces
  4967 | D:6      | Found a radiant altar of Vehumet.
  5106 | D:6      | Found a sacrificial altar of Ru.
  5368 | D:6      | Reached XP level 9. HP: 75/86 MP: 8/8
  5864 | D:7      | Noticed a troll
  5878 | D:7      | Killed a troll
  5878 | D:7      | Reached skill level 11 in Fighting
  6259 | D:7      | Found Ihorr's Weapon Boutique.
  6438 | D:7      | Found Pynluicw's Gadget Shop.
  6458 | D:7      | Reached skill level 10 in Maces & Flails
  6582 | D:7      | Found a hazy altar of Hepliaklqana.
  6582 | D:7      | Found a blossoming altar of Fedhas.
  6587 | D:7      | Found a shimmering altar of Xom.
  6589 | D:7      | Found a shattered altar of Ashenzari.
  6591 | D:7      | Found an opulent altar of Gozag.
  7051 | D:8      | Reached skill level 12 in Fighting
  7623 | D:9      | Noticed Erica
  7623 | D:9      | Reached ** piety under the Shining One
  7632 | D:9      | Noticed PeterLawrence's ghost (novice MiFi)
  7633 | D:9      | Reached XP level 10. HP: 76/99 MP: 9/9
  7648 | D:9      | Killed from afar by Erica

Skill      XL: |  1  2  3  4  5  6  7  8  9 |
---------------+----------------------------+-----
Long Blades    | 3 4 |  4.8
Fighting       | 4 5 6 7 8 10 12 | 12.4
Maces & Flails | 2 5 6 8 11 | 11.2
Armour         | |  3.6
Shields        | |  3.6

Action                   |  1- 3 |  4- 6 |  7- 9 | 10-12 || total
-------------------------+-------+-------+-------+-------++-------
Melee: Long sword        |    96 |    62 |       |       ||   158
       Headbutt          |    17 |    18 |    84 |     6 ||   125
       Whip              |       |    84 |   407 |    12 ||   503
  Use: Scroll            |     5 |     7 |    10 |       ||    22
       Potion            |       |       |     2 |     2 ||     4
  Eat: Chunk             |       |     5 |    17 |       ||    22
Armor: Scale mail        |    38 |    30 |       |       ||    68
       Plate armour      |       |    57 |   126 |     7 ||   190
Dodge: Dodged            |    32 |    36 |    36 |     2 ||   106
Block: Shield            |    38 |    91 |   139 |     3 ||   271
       Rpst.: Long sword |     8 |     5 |       |       ||    13
